PL
GRAFTON MIDDIES @ BROOKLYN DODGERS
06/25/2020
 
TOP OF THE 1ST
Grafton Middies batting - Pitching for Brooklyn Dodgers : LHP Jim Eliott
Pitching: LHP Jim Eliott
Batting: RHB Raúl Robles 0-0: Ball
1-0: SINGLE (Line Drive, 34D)
Batting: RHB Wes Bradley 0-0: Called Strike
0-1: Called Strike
0-2: Ball
1-2: Strikes out looking
Batting: LHB Min-heui Im 0-0: Ball
1-0: Ball
2-0: Called Strike
2-1: Foul Ball, location: 2F
2-2: Foul Ball, location: 2F
2-2: Foul Ball, location: 2F
2-2: Foul Ball, location: 2F
2-2: Fly out, F8 (Flyball, 8RD)
Batting: RHB Iván Vargas 0-0: Called Strike
0-1: Called Strike
0-2: Strikes out swinging
Top of the 1st over - 0 run(s), 1 hit(s), 0 error(s), 1 left on base; Grafton 0 - Brooklyn 0
BOTTOM OF THE 1ST
Brooklyn Dodgers batting - Pitching for Grafton Middies : LHP Reid Garner
Pitching: LHP Reid Garner
Batting: LHB Chris Gregory 0-0: Called Strike
0-1: Swinging Strike
0-2: Ball
1-2: Ball
2-2: Ball
3-2: Foul Ball, location: 2F
3-2: Foul Ball, location: 2F
3-2: SINGLE (Groundball, 13) (infield hit)
Batting: LHB Pancho García 0-0: Ball
1-0: Called Strike
Chris Gregory is caught stealing 2nd base
1-1: Ground out 3-6 (Groundball, 3L)
Batting: RHB Thom Wilcox 0-0: Ball
1-0: Ball
2-0: Swinging Strike
2-1: Ball
3-1: Foul Ball, location: 2F
3-2: Base on Balls
Batting: LHB Ray Sears 0-0: Ball
1-0: Ball
2-0: Called Strike
2-1: SINGLE (Flyball, 7LM)
Thom Wilcox to second
Batting: LHB Ron Bascombe 0-0: Called Strike
0-1: Swinging Strike
0-2: Strikes out swinging
Bottom of the 1st over - 0 run(s), 2 hit(s), 0 error(s), 2 left on base; Grafton 0 - Brooklyn 0
TOP OF THE 2ND
Grafton Middies batting - Pitching for Brooklyn Dodgers : LHP Jim Eliott
Batting: RHB Curt Phillips 0-0: Called Strike
0-1: SINGLE (Groundball, 6D)
Batting: RHB Nam-sup Yi 0-0: Grounds into double play, 6-4-3 (Groundball, 6M)
Batting: RHB Pedro Orozco 0-0: Called Strike
0-1: Ball
1-1: Swinging Strike
1-2: Foul Ball, location: 2F
1-2: Foul Ball, location: 2F
1-2: Ball
2-2: Ball
3-2: Foul Ball, location: 2F
3-2: Foul Ball, location: 2F
3-2: Strikes out swinging
Top of the 2nd over - 0 run(s), 1 hit(s), 0 error(s), 0 left on base; Grafton 0 - Brooklyn 0
BOTTOM OF THE 2ND
Brooklyn Dodgers batting - Pitching for Grafton Middies : LHP Reid Garner
Batting: LHB Rubén López 0-0: Called Strike
0-1: Ball
1-1: Swinging Strike
1-2: Ball
2-2: Foul Ball, location: 2F
2-2: Ball
3-2: Base on Balls
Batting: LHB Kelly Brown 0-0: Ball
Rubén López steals 2nd base
1-0: Ball
2-0: Called Strike
2-1: Ball
3-1: Swinging Strike
3-2: Foul Ball, location: 2F
3-2: SINGLE (Line Drive, 4M)
Rubén López to third
Runner from 3rd tries for Home, SAFE, no throw or cutoff
Batting: RHB Sean Davis 0-0: Grounds into double play, U4-3 (Groundball, 4M)
Batting: LHB Jim Eliott 0-0: Ball
1-0: DOUBLE (Line Drive, 9LM)
Batting: LHB Chris Gregory 0-0: Ball
1-0: Ball
2-0: Swinging Strike
2-1: Called Strike
2-2: Ball
3-2: Strikes out swinging
Bottom of the 2nd over - 1 run(s), 2 hit(s), 0 error(s), 1 left on base; Grafton 0 - Brooklyn 1
TOP OF THE 3RD
Grafton Middies batting - Pitching for Brooklyn Dodgers : LHP Jim Eliott
Batting: RHB Justin Bingham 0-0: Ground out 4-3 (Groundball, 4)
Batting: LHB Reid Garner 0-0: Ball
1-0: Foul Ball, location: 2F
1-1: Foul Ball, location: 2F
1-2: Ball
2-2: Strikes out swinging
Batting: RHB Raúl Robles 0-0: Ball
1-0: Ball
2-0: Ground out 5-3 (Groundball, 56)
Top of the 3rd over - 0 run(s), 0 hit(s), 0 error(s), 0 left on base; Grafton 0 - Brooklyn 1
BOTTOM OF THE 3RD
Brooklyn Dodgers batting - Pitching for Grafton Middies : LHP Reid Garner
Batting: LHB Pancho García 0-0: Ball
1-0: Foul Ball, location: 2F
1-1: Called Strike
1-2: Ball
2-2: Strikes out swinging
Batting: RHB Thom Wilcox 0-0: Ball
1-0: Swinging Strike
1-1: Ball
2-1: Ball
3-1: Base on Balls
Batting: LHB Ray Sears 0-0: Ball
1-0: Called Strike
1-1: Swinging Strike
1-2: Ground out U3 (Groundball, 3S)
Thom Wilcox to second
Batting: LHB Ron Bascombe 0-0: Ball
1-0: Ball
2-0: Ball
3-0: Base on Balls
Batting: LHB Rubén López 0-0: Foul Ball, location: 2F
0-1: Swinging Strike
0-2: Ground out U3 (Groundball, 3L)
Bottom of the 3rd over - 0 run(s), 0 hit(s), 0 error(s), 2 left on base; Grafton 0 - Brooklyn 1
TOP OF THE 4TH
Grafton Middies batting - Pitching for Brooklyn Dodgers : LHP Jim Eliott
Batting: RHB Wes Bradley 0-0: Ball
1-0: Ground out 1-3 (Groundball, 13)
Batting: LHB Min-heui Im 0-0: Ball
1-0: Called Strike
1-1: Ball
2-1: SINGLE (Flyball, 89S)
Batting: RHB Iván Vargas 0-0: Ball
1-0: Ball
2-0: Fly out, F5 (Line Drive, 56)
Batting: RHB Curt Phillips 0-0: Ball
1-0: Swinging Strike
1-1: Swinging Strike
1-2: Strikes out swinging
Top of the 4th over - 0 run(s), 1 hit(s), 0 error(s), 1 left on base; Grafton 0 - Brooklyn 1
BOTTOM OF THE 4TH
Brooklyn Dodgers batting - Pitching for Grafton Middies : LHP Reid Garner
Batting: LHB Kelly Brown 0-0: Foul Ball, location: 2F
0-1: Ball
1-1: Ball
2-1: Ball
3-1: Fly out, F9 (Flyball, 89M)
Batting: RHB Sean Davis 0-0: Ball
1-0: Ball
2-0: SINGLE (Groundball, 6MD)
Batting: LHB Jim Eliott 0-0: Bunt missed!
0-1: Bunted foul
0-2: Bunted foul, Strikeout!
Batting: LHB Chris Gregory 0-0: Called Strike
0-1: Swinging Strike
Sean Davis is caught stealing 2nd base
Bottom of the 4th over - 0 run(s), 1 hit(s), 0 error(s), 0 left on base; Grafton 0 - Brooklyn 1
TOP OF THE 5TH
Grafton Middies batting - Pitching for Brooklyn Dodgers : LHP Jim Eliott
Batting: RHB Nam-sup Yi 0-0: Called Strike
0-1: Called Strike
0-2: Strikes out swinging
Batting: RHB Pedro Orozco 0-0: Ball
1-0: Ball
2-0: Foul Ball, location: 2F
2-1: Ground out 6-3 (Groundball, 56)
Batting: RHB Justin Bingham 0-0: Foul Ball, location: 2F
0-1: Called Strike
0-2: Strikes out looking
Top of the 5th over - 0 run(s), 0 hit(s), 0 error(s), 0 left on base; Grafton 0 - Brooklyn 1
BOTTOM OF THE 5TH
Brooklyn Dodgers batting - Pitching for Grafton Middies : LHP Reid Garner
Batting: LHB Chris Gregory 0-0: Called Strike
0-1: Swinging Strike
0-2: Strikes out looking
Batting: LHB Pancho García 0-0: Ball
1-0: Ball
2-0: SINGLE (Groundball, 5L)
Batting: RHB Thom Wilcox 0-0: Swinging Strike
0-1: Ball
1-1: Ground out 5-3 (Groundball, 5S)
Pancho García to second
Batting: LHB Ray Sears 0-0: Foul Ball, location: 2F
0-1: Foul Ball, location: 2F
0-2: Ball
1-2: Foul Ball, location: 2F
1-2: Ball
2-2: Foul Ball, location: 2F
2-2: Ground out 4-3 (Groundball, 4)
Bottom of the 5th over - 0 run(s), 1 hit(s), 0 error(s), 1 left on base; Grafton 0 - Brooklyn 1
TOP OF THE 6TH
Grafton Middies batting - Pitching for Brooklyn Dodgers : LHP Jim Eliott
Pinch Hitting: RHB Brent Barlow 0-0: Called Strike
0-1: Swinging Strike
0-2: Ball
1-2: Ball
2-2: Foul Ball, location: 2F
2-2: Ball
3-2: SINGLE (Line Drive, 8LS)
Batting: RHB Raúl Robles 0-0: Grounds into double play, 5-4-3 (Groundball, 56)
Batting: RHB Wes Bradley 0-0: Swinging Strike
0-1: Ball
1-1: Ground out 1-3 (Groundball, 13)
Top of the 6th over - 0 run(s), 1 hit(s), 0 error(s), 0 left on base; Grafton 0 - Brooklyn 1
BOTTOM OF THE 6TH
Brooklyn Dodgers batting - Pitching for Grafton Middies : LHP Reid Garner
Pitching: RHP Mark Simmons
Batting: LHB Ron Bascombe 0-0: Ball
1-0: Foul Ball, location: 2F
1-1: Ball
2-1: Foul Ball, location: 2F
2-2: Foul Ball, location: 2F
2-2: SINGLE (Flyball, 6MD)
Batting: LHB Rubén López 0-0: Called Strike
0-1: Ball
1-1: Sac Bunt - play at first, batter OUT! 1-3
Ron Bascombe to second
Batting: LHB Kelly Brown 0-0: Intentional Walk
Batting: RHB Sean Davis 0-0: Called Strike
0-1: Ball
1-1: Called Strike
1-2: Strikes out swinging
Batting: LHB Jim Eliott 0-0: Ball
1-0: DOUBLE (Line Drive, 7LM)
Ron Bascombe scores
Kelly Brown to third
Batting: LHB Chris Gregory 0-0: Swinging Strike
0-1: Ball
1-1: DOUBLE (Line Drive, 9LM)
Kelly Brown scores
Jim Eliott scores
Pitching: RHP Francisco Torres
Batting: LHB Pancho García 0-0: Called Strike
0-1: Ball
1-1: Fly out, F8 (Flyball, 78S)
Bottom of the 6th over - 3 run(s), 3 hit(s), 0 error(s), 1 left on base; Grafton 0 - Brooklyn 4
TOP OF THE 7TH
Grafton Middies batting - Pitching for Brooklyn Dodgers : LHP Jim Eliott
Batting: LHB Min-heui Im 0-0: Swinging Strike
0-1: Swinging Strike
0-2: Strikes out swinging
Batting: RHB Iván Vargas 0-0: Ball
1-0: Called Strike
1-1: Swinging Strike
1-2: Ball
2-2: Strikes out swinging
Batting: RHB Curt Phillips 0-0: Ball
1-0: Ball
2-0: DOUBLE (Line Drive, 9LM)
Batting: RHB Nam-sup Yi 0-0: Foul Ball, location: 2F
0-1: Fly out, F4 (Popup, 4D)
Top of the 7th over - 0 run(s), 1 hit(s), 0 error(s), 1 left on base; Grafton 0 - Brooklyn 4
BOTTOM OF THE 7TH
Brooklyn Dodgers batting - Pitching for Grafton Middies : RHP Francisco Torres
Batting: RHB Thom Wilcox 0-0: Ball
1-0: Called Strike
1-1: SINGLE (Line Drive, 7S)
Batting: LHB Ray Sears 0-0: Called Strike
0-1: Ball
1-1: Grounds into double play, 1-6-3 (Groundball, 13)
Batting: LHB Ron Bascombe 0-0: Ball
1-0: Fly out, F3 (Popup, 3)
Bottom of the 7th over - 0 run(s), 1 hit(s), 0 error(s), 0 left on base; Grafton 0 - Brooklyn 4
TOP OF THE 8TH
Grafton Middies batting - Pitching for Brooklyn Dodgers : LHP Jim Eliott
Batting: RHB Pedro Orozco 0-0: Called Strike
0-1: Foul Ball, location: 2F
0-2: Foul Ball, location: 2F
0-2: Ball
1-2: Strikes out swinging
Batting: RHB Justin Bingham 0-0: Foul Ball, location: 2F
0-1: Swinging Strike
0-2: Ball
1-2: Strikes out swinging
Pinch Hitting: RHB José Álvarez 0-0: Swinging Strike
0-1: Ground out 6-3 (Groundball, 6)
Top of the 8th over - 0 run(s), 0 hit(s), 0 error(s), 0 left on base; Grafton 0 - Brooklyn 4
BOTTOM OF THE 8TH
Brooklyn Dodgers batting - Pitching for Grafton Middies : RHP Francisco Torres
Pitching: RHP Paco Vélez
Batting: LHB Rubén López 0-0: Fly out, F7 (Flyball, 78XD)
Batting: LHB Kelly Brown 0-0: Ball
1-0: Ball
2-0: Called Strike
2-1: Ball
3-1: Foul Ball, location: 2F
3-2: Foul Ball, location: 2F
3-2: Base on Balls
Batting: RHB Sean Davis 0-0: Foul Ball, location: 2F
0-1: Called Strike
0-2: Ball
1-2: Foul Ball, location: 2F
1-2: Grounds into double play, 4-6-3 (Groundball, 4)
Bottom of the 8th over - 0 run(s), 0 hit(s), 0 error(s), 0 left on base; Grafton 0 - Brooklyn 4
TOP OF THE 9TH
Grafton Middies batting - Pitching for Brooklyn Dodgers : LHP Jim Eliott
Batting: RHB Raúl Robles 0-0: Foul Ball, location: 2F
0-1: Ball
1-1: Ground out 6-3 (Groundball, 6)
Batting: RHB Wes Bradley 0-0: Ground out 6-3 (Groundball, 6)
Batting: LHB Min-heui Im 0-0: Ball
1-0: Ball
2-0: Swinging Strike
2-1: Called Strike
2-2: Strikes out looking
Top of the 9th over - 0 run(s), 0 hit(s), 0 error(s), 0 left on base; Grafton 0 - Brooklyn 4
This league is powered by Out of the Park Baseball, the baseball management simulation game for PC, Mac and Linux
Friday, October 23rd, 2015 - OOTP Baseball 16.9 Build 39